AoeStats
← [AirBo]一大包

Arabia

507517000Analyzed
4v4 RM · 12d ago on Sep 18, 2026· 24m 54s· 8 players
Game mode
Random Map
Map size
Large (8 player)
Population
200
Speed
Normal
Resources
Standard
Victory
Conquest
Starting age
Dark Age
Ending age
Imperial Age
RankedLock teamsTeams togetherTeam positionsShared explorationLock speedFull tech treeHidden civsTurbo modeCheats
Victory
Defeat
🇮🇳 Japanese · India
1986
+3
🇻🇳 Maya · Vietnam
1963
+4
🇧🇷 Koreans · Brazil
1667
+11
🇹🇷 Magyars · Türkiye
1579
+15
🇹🇼 Maya · Taiwan
1633
-10
🇹🇼 Persians · Taiwan
1617
-9
🇹🇼 Ethiopians · Taiwan
1589
-7
🇹🇼 Magyars · Taiwan
1559
-7
imenek
6:22 Loom
6:27 Loom
9:05 Feudal Age
9:43 Double-Bit Axe
9:39 Horse Collar
17:52 Scale Barding Armor
23:09 Bloodlines
24:35 Wheelbarrow
26:34 Castle Age
25:11 Gold Mining
25:03 Horse Collar
ÐàLat«Gô°Kµ»
0:27 Loom
9:02 Feudal Age
10:14 Double-Bit Axe
14:31 Fletching
18:34 Wheelbarrow
22:37 Castle Age
20:58 Horse Collar
21:27 Gold Mining
22:39 Crossbowman
23:15 Bodkin Arrow
24:15 Bow Saw
24:36 Ballistics
DS_Dragonstar
5:49 Loom
8:32 Feudal Age
11:15 Double-Bit Axe
11:12 Horse Collar
16:06 Wheelbarrow
20:12 Castle Age
18:48 Gold Mining
18:51 Fletching
19:01 Padded Archer Armor
19:40 Bloodlines
20:54 Bodkin Arrow
21:09 Bow Saw
21:35 Husbandry
21:41 Padded Archer Armor
22:51 Ballistics
Mr Diniz
5:57 Loom
9:16 Feudal Age
10:06 Double-Bit Axe
13:59 Fletching
17:48 Wheelbarrow
20:51 Castle Age
19:37 Horse Collar
20:05 Gold Mining
21:29 Bodkin Arrow
21:07 Crossbowman
21:56 Elite Skirmisher
24:08 Ballistics
甜心包
0:29 Loom
9:17 Feudal Age
12:55 Fletching
16:43 Double-Bit Axe
17:34 Padded Archer Armor
23:00 Castle Age
23:19 Crossbowman
[AirBo]一大包
6:44 Loom
9:10 Feudal Age
10:14 Double-Bit Axe
10:10 Horse Collar
16:45 Scale Barding Armor
18:41 Forging
22:37 Castle Age
20:39 Gold Mining
21:00 Forging
21:40 Bloodlines
24:23 Chain Barding Armor
肉肉小狗
6:12 Loom
8:48 Feudal Age
10:49 Double-Bit Axe
15:06 Scale Barding Armor
18:21 Bloodlines
24:08 Wheelbarrow
26:54 Castle Age
[AirBo]出氣包
6:12 Loom
9:53 Feudal Age
13:37 Town Watch
14:14 Fletching
18:39 Double-Bit Axe
25:18 Castle Age
24:19 Gold Mining
24:11 Horse Collar
Connection lost

Rejoining the realm…

Still unreachable

The connection could not be restored.

Session expired

The server has moved on; the page needs a fresh start.